 Dungeon Crawl Stone Soup version 0.27.1-2-g3b301248ec (webtiles) character file.

Game seed: 9322207061867783924

47 barney the Insei (level 3, 0/26 HPs)
             Began as a Vampire Transmuter on Sept 26, 2021.
             Slain by an adder (1 damage)
             ... on level 2 of the Dungeon.
             The game lasted 00:02:24 (1515 turns).

barney the Insei (Vampire Transmuter)               Turns: 1515, Time: 00:02:25

Health: 0/26       AC:  2    Str:  9    XL:     3   Next: 48%
Magic:  5/6        EV: 12    Int: 16    God:
Gold:   28         SH:  0    Dex: 14    Spells: 0/6 levels left

rFire    . . .     SeeInvis +     - Unarmed
rCold    . . .     Faith    .   (no shield)
rNeg     . . .     Spirit   .   a - +0 robe
rPois    .         Reflect  .   (helmet currently unavailable)
rElec    .         Harm     .   (no cloak)
rCorr    .         Rampage  .   (no gloves)
Will     .....                  (boots currently unavailable)
Stlth    ++........             (no amulet)
HPRegen  0.28/turn              (no ring)
MPRegen  0.10/turn              (no ring)

@: lethally poisoned (0 -> -5), appendages, healing quickly
A: horns 2, talons 2, alive, fangs 3, see invisible, vampiric 2
a: Exsanguinate, End Transformation


You were on level 2 of the Dungeon.
You had temporarily grown beastly horns and talons.
You visited 1 branch of the dungeon, and saw 2 of its levels.

You collected 28 gold pieces.

Inventory:

Armour
 a - a +0 robe (worn)
Scrolls
 b - a scroll of amnesia {unknown}
 c - a scroll of blinking {unknown}
 e - 3 scrolls of identify {unknown}
Potions
 d - a potion of curing {unknown}
 f - a potion of haste {unknown}


   Skills:
 + Level 1.5 Fighting
 + Level 2.4 Dodging
 + Level 1.3 Stealth
 * Level 3.7 Unarmed Combat
 + Level 2.3 Spellcasting
 + Level 2.6 Transmutations
 + Level 0.1 Poison Magic


You couldn't memorise any spells.
You knew the following spells:

 Your Spells              Type           Power      Damage    Failure   Level
a - Beastly Appendage     Tmut           20%        N/A       7%          1
b - Wereblood             Tmut           10%        N/A       11%         2
c - Spider Form           Tmut/Pois      3%         N/A       34%         3

Your spell library contained the following spells:

 Spells                   Type           Power      Damage    Failure   Level
 Ice Form                 Ice/Tmut       6%         N/A       75%         4


Dungeon Overview and Level Annotations

Branches:
Dungeon (2/15)

Altars:


Innate Abilities, Weirdness & Mutations

You have temporarily grown beastly horns and talons.
Your natural rate of healing is accelerated.
You have razor-sharp teeth.
You have supernaturally acute eyesight. (SInv)
You are afflicted with vampirism and can become a bat while bloodless.


Message History

The adder bites you. The adder bites you but does no damage.
There are monsters nearby!
You hit the adder.
The adder is heavily wounded.
The adder barely misses you.
There are monsters nearby!
You closely miss the adder.
The adder is heavily wounded.
The adder bites you. The worm closely misses you.
There are monsters nearby!
You barely miss the adder.
The adder is heavily wounded.
The adder closely misses you.
Casting: Beastly Appendage (safe; 7% risk of failure)
Confirm with . or Enter, or press ? or * to list all spells.
You grow a pair of large bovine horns.
Your feet morph into talons.
The adder bites you. The worm misses you. The adder barely misses you.
You hit the worm.
You headbutt the worm, but do no damage.
The worm is lightly wounded.
The adder bites you.
You hit the worm but do no damage. You claw the worm.
The worm is lightly wounded.
The adder barely misses you. The worm bites you!
* * * LOW HITPOINT WARNING * * *
You hit the worm but do no damage.
The worm is lightly wounded.
The adder bites you.
* * * LOW HITPOINT WARNING * * *
You completely miss the worm.
The worm is lightly wounded.
The adder bites you.
* * * LOW HITPOINT WARNING * * *
You are lethally poisoned!
The adder poisons you! The worm completely misses you.
Okay, then.
Keep bloodletting?
* * * LOW HITPOINT WARNING * * *
You feel sick. The adder closely misses you. The adder bites you.
You die...

#. #. .. #: #.###.#
#...... #######
......S#w...... ###@####
# #......###.####
##....#........######
#........##.##.......
#........##.....###.#
..######........#####.##
#.#
.....(..#....#..#####.##
#.#
..#####.#..............#
#.#
........###..#####.....#
#..


You could see a worm and an adder.

Vanquished Creatures
  3 dart slugs (D:1)
  An orc (D:2)
  An endoplasm (D:1)
  A giant cockroach (D:2)
  5 goblins
  6 hobgoblins (D:1)
  5 kobolds
  6 ball pythons
  4 bats
  A frilled lizard (D:1)
  5 rats (D:1)
38 creatures vanquished.

Notes
Turn   | Place    | Note
-------+----------+-------------------------------------------
     0 | D:1      | barney the Vampire Transmuter began the quest for the Orb.
     0 | D:1      | Reached XP level 1. HP: 14/14 MP: 3/3
    87 | D:1      | Reached skill level 1 in Fighting
   123 | D:1      | Found Etaucac's Magic Scroll Shoppe.
   175 | D:1      | Reached XP level 2. HP: 21/21 MP: 3/5
   326 | D:1      | HP: 1/21 [constriction (1)]
   531 | D:1      | Reached skill level 1 in Stealth
   798 | D:1      | Found Gipn's Antique Weapon Shop.
   846 | D:1      | Gained mutation: You are afflicted with vampirism and can
                  | become a bat while bloodless. [Vampire growth]
   846 | D:1      | Reached XP level 3. HP: 26/26 MP: 6/6
   849 | D:1      | Learned a level 2 spell: Wereblood
   853 | D:1      | Learned a level 3 spell: Spider Form
  1515 | D:2      | HP: 1/26 [poisoned by an adder]
  1515 | D:2      | Slain by an adder

Illustrated notes

Levels and vault maps discovered:
D:1:      heliophobic_arrival_dark_side_of_the_moon, layout_basic, serial_shops,
          nicolae_shop_temple_entry_statues_fountains, shop
D:2:      layout_loops_cross

Skill      XL: |  1  2 |
---------------+-------+-----
Fighting       | 1 |  1.5
Stealth        | 1 |  1.3
Dodging        | |  2.4
Unarmed Combat | |  3.7
Spellcasting   | |  2.3
Transmutations | |  2.6
Poison Magic   | |  0.1

Action                   || total
-------------------------++-------
Melee: Unarmed           ||   141
       Kick              ||    12
       Bite              ||    12
       Headbutt          ||     4
 Cast: Beastly Appendage ||    13
 Abil: Exsanguinate      ||     1
 Stab: Sleeping          ||     3
Armor: Robe              ||    34
Dodge: Dodged            ||   102
